 Dungeon Crawl Stone Soup version 0.31-a0-1068-g5939ac1fb6 (webtiles) character file.

Game seed: 7180934761385231267

17793 Chiseanne the Summoner (level 12, -4/95 HPs)
             Began as a Demonspawn Wanderer on Nov 22, 2023.
             Was an Initiate of Gozag.
             Slain by a skeletal warrior
             ... wielding a +0 flail
              (12 damage)
             ... on level 12 of the Dungeon on Nov 24, 2023.
             The game lasted 00:45:01 (13404 turns).

Chiseanne the Summoner (Demonspawn Wanderer)       Turns: 13404, Time: 00:45:02

Health: -4/95      AC: 11    Str: 20    XL:     12   Next: 22%
Magic:  25/25      EV: 23    Int: 13    God:    Gozag
Gold:   486        SH:  8    Dex: 13    Spells: 22/29 levels left

rFire   . . .        a - +7 flail "Resoz" {pain, Fly rCorr Str+2}
rCold   + . .        x - +0 kite shield
rNeg    . . .        p - +2 leather armour {rC+}
rPois   .            (helmet restricted)
rElec   .            C - scarf {repulsion}
rCorr   +            k - +0 pair of gloves
SInv    .            z - +0 pair of boots
Will    .....        (no amulet)
Stlth   +            j - +5 ring of evasion
HPRegen 0.35/turn    B - +5 ring of evasion
MPRegen 0.19/turn

%: repel missiles
@: flying
A: horns 2, icy blue scales 2, demonic guardian 1, ignite blood 1
a: Renounce Religion, Potion Petition, Call Merchant, Bribe Branch


You were on level 12 of the Dungeon.
You worshipped Gozag.
Gozag was aware of your devotion.
You visited 2 branches of the dungeon, and saw 13 of its levels.
You also visited: Ossuary.

You collected 2227 gold pieces.
You spent 1638 gold pieces at shops.
You paid 103 gold pieces to Gozag.

Inventory:

Hand Weapons
 a - the +7 flail "Resoz" (weapon) {pain, Fly rCorr Str+2}
   (You bought it in a shop on level 9 of the Dungeon)

   Str+2:     It affects your strength (+2).
   Fly:       It grants you flight.
   rCorr:     It protects you from acid and corrosion.
 s - a +3 dagger of venom
 w - a +3 sling of electrocution
Missiles
 c - 22 poisoned darts (quivered)
 l - 11 boomerangs
Armour
 k - a +0 pair of gloves (worn)
 p - a +2 leather armour of cold resistance (worn)
 x - a +0 kite shield (worn)
 z - a +0 pair of boots (worn)
 C - a scarf of repulsion (worn)
Jewellery
 g - a ring of see invisible
 j - a +5 ring of evasion (left hand)
 B - a +5 ring of evasion (right hand)
Talismans
 e - a beast talisman
 r - a maw talisman
Wands
 t - a wand of roots (11)
 y - a wand of flame (30)
 A - a wand of digging (4)
Scrolls
 o - 3 scrolls of amnesia
 u - 2 scrolls of identify
 v - 4 scrolls of teleportation
 D - a scroll of revelation
 G - a scroll of poison
 L - a scroll of butterflies
 N - 2 scrolls of immolation
Potions
 b - 2 potions of lignification
 d - a potion of brilliance
 f - a potion of enlightenment
 h - 10 potions of curing
 i - 2 potions of ambrosia
 m - a potion of mutation
 n - a potion of cancellation
 q - 7 potions of heal wounds
 F - 2 potions of berserk rage
 H - 2 potions of resistance
 I - 2 potions of haste
 J - a potion of might
 M - 2 potions of magic
Miscellaneous
 E - a box of beasts


   Skills:
 * Level 9.2 Fighting
 - Level 1.7 Maces & Flails
 * Level 8.2 Armour
 - Level 7.3 Dodging
 * Level 3.1 Shields
 * Level 9.0 Spellcasting
 - Level 12.6 Summonings
 - Level 1.0 Poison Magic


You had 22 spell levels left.
You knew the following spells:

 Your Spells              Type           Power      Damage    Failure   Level
a - Call Canine Familiar  Summ           38%        N/A       1%          3
b - Animate Armour        Summ/Erth      44%        N/A       26%         4

Your spell library contained the following spells:

 Spells                   Type           Power      Damage    Failure   Level
 Kiss of Death            Conj/Necr      20%        2d7       34%         1
 Magic Dart               Conj           20%        1d4       34%         1
 Shock                    Conj/Air       20%        1d4       34%         1
 Poisonous Vapours        Pois/Air       14%        N/A       38%         2
 Cigotuvi's Dreadful Rot  Necr/Pois/Air  12%        N/A       41%         2
 Searing Ray              Conj           10%        2d4       45%         2
 Ignite Poison            Fire/Tmut/Pois 6%         N/A       65%         3
 Confusing Touch          Hex            5%         N/A       71%         3
 Sigil of Binding         Hex            5%         N/A       71%         3
 Stone Arrow              Conj/Erth      10%        3d7       71%         3
 Swiftness                Air            5%         N/A       71%         3
 Airstrike                Air            2%         2d(1-17)  98%         4
 Dimensional Bullseye     Hex/Tloc       2%         N/A       98%         4
 Dispel Undead            Necr           5%         3d7       98%         4
 Fulminant Prism          Conj/Hex       2%         3d5       98%         4
 Leda's Liquefaction      Hex/Erth       2%         N/A       98%         4
 Sticky Flame             Conj/Fire      5%         2d3       98%         4
 Iskenderun's Battlesphe  Conj           5%         2d6       100%        5
 Bombard                  Conj/Erth      2%         9d1       100%        6
 Spellforged Servitor     Conj/Summ      11%        N/A       100%        7
 Ignition                 Fire           2%         3d3       100%        8
 Lehudib's Crystal Spear  Conj/Erth      2%         10d2      100%        8


Dungeon Overview and Level Annotations

Branches:
Dungeon (12/15)            Temple (1/1) D:6            Lair (0/5) D:8
    Orc (0/2) D:9         Ossuary (visited)

Altars:
Ashenzari
Cheibriados
Dithmenos
Fedhas
Gozag
Hepliaklqana
Kikubaaqudgha
Makhleb
Nemelex Xobeh
Okawaru
Qazlal
Ru
Sif Muna
Trog
Uskayaw
Vehumet
Wu Jian
Xom
Yredelemnul

Shops:
D:6 *   D:9 :*=!!(   D:10 =   D:11 **((

Annotations:
D:2 Natasha, Sigmund
D:9 3 runed translucent doors, kskgo's ghost, novice DjFE
D:11 1 runed translucent door, Zigma's ghost, journeyman DrSh


Innate Abilities, Weirdness & Mutations

You have a pair of horns on your head.
You are mostly covered in icy blue scales. (AC +3)
A weak demonic guardian rushes to your aid.
Your demonic aura sometimes causes spilled blood to erupt in flames.


Message History

The skeletal warrior is lightly damaged.
The skeletal warrior hits you with a +0 flail!!
You hit the skeletal warrior but do no damage.
The skeletal warrior is lightly damaged.
The skeletal warrior hits you with a +0 flail!
The skeletal warrior hits you but does no damage.
You sock the skeletal warrior!
The skeletal warrior is lightly damaged.
The skeletal warrior completely misses you.
You hit the skeletal warrior but do no damage.
You headbutt the skeletal warrior!
The skeletal warrior is moderately damaged.
The skeletal warrior completely misses you.
The skeletal warrior hits you with a +0 flail!
You hit the skeletal warrior but do no damage.
You headbutt the skeletal warrior, but do no damage.
The skeletal warrior is moderately damaged.
You block the skeletal warrior's attack.
You hit the skeletal warrior but do no damage.
You headbutt the skeletal warrior, but do no damage.
The skeletal warrior is moderately damaged.
The skeletal warrior hits you with a +0 flail!
The skeletal warrior hits you with a +0 flail.
You barely miss the skeletal warrior.
You headbutt the skeletal warrior, but do no damage.
The skeletal warrior is moderately damaged.
The skeletal warrior hits you with a +0 flail!
* * * LOW HITPOINT WARNING * * *
The skeletal warrior is engulfed in blazing flames.
You hit the skeletal warrior. You headbutt the skeletal warrior.
The skeletal warrior is heavily damaged.
The skeletal warrior hits you with a +0 flail!!
* * * LOW HITPOINT WARNING * * *
A demonic guardian appears!
The skeletal warrior attacks as it pursues you!
The skeletal warrior misses you.
The skeletal warrior attacks as it pursues you!
The skeletal warrior hits you with a +0 flail!
You die...
Your body crumbles into a pile of gold.

.... .......##...........#
...###..................###
...#.........##..<.....### ##..
...........##............
#..###.#..................##.. .
#......#.........##........#.# .#
... ##..........###...........
..##..##..#.........####...#....#
....##..###....@..........#....#
#..###..##...z....#...........#
..##z#.#..#.........#............
##........##..5.......#......#..#
..>.......##.....###..###....##.#
..##......#......# #...# #....#
## #....#.....#...##....# .....
##........##.........# ..#.#
#.....##..#......####


You could see a skeletal warrior (ally target) and a friendly white imp
(summoned).

Vanquished Creatures
  A boulder beetle (D:10)
  A cyclops (D:11)
  A gargoyle (D:11)
  3 unseen horrors
  2 kobold demonologists
  2 trolls (D:11)
  2 hornets
  Grinder (D:5)
  4 yaks (D:11)
  3 wyverns
  A steam dragon (D:7)
  5 wraiths
  Edmund (D:5)
  2 wargs
  An acid dragon (D:10)
  Duvessa (D:5)
  5 orc warriors
  3 water moccasins
  3 black bears
  2 ice beasts (D:5)
  3 ogres
  4 centaurs
  A phantom (D:4)
  4 elf zombies (Ossuary)
  A gnoll sergeant (D:8)
  3 bullfrogs
  6 scorpions
  A two-headed ogre simulacrum (D:11)
  Dowan (D:5)
  21 killer bees
  2 howler monkeys
  4 human zombies (Ossuary)
  5 jellies
  3 hounds
  7 orc priests
  Jessica (D:3)
  2 iguanas
  12 orc wizards
  Natasha (D:2)
  A spriggan simulacrum (D:11)
  A hound zombie (Ossuary)
  3 mummies (Ossuary)
  9 adders
  8 gnolls
  A naga simulacrum (D:11)
  A shadow imp (D:6)
  2 white imps
  6 ufetubi
  2 adder zombies (Ossuary)
  2 dart slugs
  A worm (D:3)
  32 orcs
  6 bats
  9 endoplasms
  4 giant cockroaches
  4 goblins
  6 hobgoblins
  A jackal (D:3)
  8 kobolds
  3 quokkas
  10 ball pythons
  4 frilled lizards
  A gnoll zombie (Ossuary)
  5 goblin zombies (Ossuary)
  5 hobgoblin zombies (Ossuary)
  5 jackal zombies (Ossuary)
  5 kobold zombies (Ossuary)
  A quokka zombie (Ossuary)
  8 rats
  3 rat zombies
283 creatures vanquished.

Vanquished Creatures (collateral kills)
  2 orcs
  A hobgoblin (D:4)
3 creatures vanquished.

Grand Total: 286 creatures vanquished

Notes
Turn   | Place    | Note
-------+----------+-------------------------------------------
     0 | D:1      | Chiseanne the Demonspawn Wanderer began the quest for the
                  | Orb.
     0 | D:1      | Chiseanne set off with the following items: a +3 mace, a
                  | potion of curing, a +0 leather armour; and the following
                  | spells available to memorise: Poisonous Vapours, Cigotuvi's
                  | Dreadful Rot.
     0 | D:1      | Reached XP level 1. HP: 16/16 MP: 3/3
   317 | D:1      | Gained mutation: You have a pair of small horns on your
                  | head. [demonic ancestry]
   317 | D:1      | Reached XP level 2. HP: 18/22 MP: 5/5
   943 | D:2      | Noticed Natasha
   950 | D:2      | Killed Natasha
   951 | D:2      | Gained mutation: A weak demonic guardian rushes to your
                  | aid. [demonic ancestry]
   951 | D:2      | Reached XP level 3. HP: 11/28 MP: 6/6
  1114 | D:2      | Noticed Sigmund
  1179 | D:3      | Gained mutation: Your demonic aura sometimes causes spilled
                  | blood to erupt in flames. [demonic ancestry]
  1179 | D:3      | Reached XP level 4. HP: 31/35 MP: 7/7
  1199 | D:3      | Noticed Jessica
  1201 | D:3      | Killed Jessica
  1203 | D:3      | Chiseanne: crazy bitch!
  1656 | D:2      | Found a shimmering altar of Xom.
  2309 | D:3      | Gained mutation: You are partially covered in icy blue
                  | scales. (AC +2) [demonic ancestry]
  2309 | D:3      | Reached XP level 5. HP: 38/41 MP: 8/8
  2494 | D:2      | Noticed Natasha
  2500 | D:2      | Chiseanne: yeah right
  2717 | D:4      | Noticed a black bear
  2720 | D:4      | Gained mutation: You have a pair of horns on your head.
                  | [demonic ancestry]
  2720 | D:4      | Reached XP level 6. HP: 42/48 MP: 9/9
  3095 | D:4      | Gained mutation: You are mostly covered in icy blue scales.
                  | (AC +3) [demonic ancestry]
  3095 | D:4      | Reached XP level 7. HP: 33/55 MP: 10/10
  3226 | D:4      | Found a sand-covered staircase.
  3235 | Ossuary  | Entered an ossuary
  3327 | Ossuary  | Reached skill level 5 in Fighting
  3560 | Ossuary  | Reached skill level 5 in Armour
  3754 | Ossuary  | Reached XP level 8. HP: 54/64 MP: 11/11
  4200 | D:5      | Entered Level 5 of the Dungeon
  4219 | D:5      | Reached skill level 5 in Dodging
  4340 | D:5      | Noticed Grinder
  4353 | D:5      | Killed Grinder
  4398 | D:5      | Noticed Duvessa
  4398 | D:5      | Noticed Dowan
  4401 | D:5      | Killed Duvessa
  4420 | D:5      | Killed Dowan
  4567 | D:5      | Noticed Edmund
  4676 | D:5      | Killed Edmund
  4677 | D:5      | Reached XP level 9. HP: 44/72 MP: 12/12
  5128 | D:5      | Found a hazy altar of Hepliaklqana.
  5428 | D:6      | Found a staircase to the Ecumenical Temple.
  6134 | D:6      | Found Zuen's Elemental Accessories.
  6264 | D:6      | Upgraded the game from 0.31-a0-1066-g35875b34c7 to
                  | 0.31-a0-1068-g5939ac1fb6
  6633 | Temple   | Entered the Ecumenical Temple
  6648 | Temple   | Became a worshipper of Gozag Ym Sagoz the Greedy
  6793 | D:6      | Reached skill level 2 in Summonings
  6882 | D:7      | Reached skill level 3 in Summonings
  7090 | D:7      | Reached skill level 4 in Summonings
  7164 | D:7      | Reached skill level 5 in Summonings
  7181 | D:7      | Reached XP level 10. HP: 18/81 MP: 13/13
  7858 | D:8      | Reached skill level 6 in Summonings
  8017 | D:7      | Learned a level 3 spell: Call Canine Familiar
  8182 | D:8      | Found a staircase to the Lair.
  8193 | D:8      | Reached skill level 7 in Summonings
  8388 | D:8      | Reached skill level 8 in Summonings
  8554 | D:9      | Found Wauloedd's Antique Weapon Emporium.
  8754 | D:9      | Bought an ancient flail for 306 gold pieces
  8754 | D:9      | Identified the +7 flail "Resoz" {pain, Fly rCorr Str+2}
                  | (You bought it in a shop on level 9 of the Dungeon)
  8917 | D:8      | Reached skill level 9 in Summonings
  9159 | D:8      | Reached skill level 10 in Summonings
  9590 | D:9      | Reached skill level 11 in Summonings
  9843 | D:9      | Found Kapatiuf's Distillery.
  9847 | D:9      | Bought a potion of berserk rage for 60 gold pieces
  9847 | D:9      | Bought 2 potions of haste for 240 gold pieces
  9847 | D:9      | Bought a potion of heal wounds for 60 gold pieces
  9847 | D:9      | Bought a potion of curing for 36 gold pieces
  9847 | D:9      | Bought a potion of curing for 36 gold pieces
  9847 | D:9      | Bought a potion of might for 48 gold pieces
  9934 | D:9      | Noticed a rust devil
 10040 | D:9      | Found Nerchani's Book Emporium.
 10073 | D:9      | Found Kiruphia's Serpentskin Sales.
 10079 | D:9      | Reached skill level 12 in Summonings
 10175 | D:9      | Found Xaexiant's Distillery.
 10195 | D:9      | Found Zupauf's Jewellery Emporium.
 10202 | D:9      | Identified the +8 rapier of Action {pain, Str+2}
 10238 | D:9      | Identified the +0 leather armour "Bickap" {rElec rPois
                  | Regen+ Dex+3}
 10270 | D:9      | Found a staircase to the Orcish Mines.
 10345 | D:9      | Found a runed translucent gate.
 10345 | D:9      | Found a runed translucent gate.
 10345 | D:9      | Noticed a spectral centaur warrior
 10347 | D:9      | Found a runed translucent gate.
 10347 | D:9      | Noticed a spectral centaur warrior
 10347 | D:9      | Noticed a spectral centaur warrior
 10348 | D:9      | Noticed kskgo's ghost (novice DjFE)
 10555 | D:10     | Entered Level 10 of the Dungeon
 10558 | D:10     | Identified a scroll of acquirement
 10558 | D:10     | Acquired 712 gold pieces
 10612 | D:9      | Bought a potion of experience for 750 gold pieces
 10612 | D:9      | Bought a potion of heal wounds for 75 gold pieces
 10613 | D:9      | Reached XP level 11. HP: 87/87 MP: 13/23
 10620 | D:9      | Learned a level 4 spell: Animate Armour
 10963 | D:10     | Noticed a boulder beetle
 10979 | D:10     | Killed a boulder beetle
 10980 | D:10     | Reached skill level 1 in Shields
 11190 | D:10     | Found Ato Uso's Jewellery Shoppe.
 11288 | D:10     | Found a sacrificial altar of Ru.
 11471 | D:10     | Chiseanne: so muh for "50%"
 11471 | D:10     | Chiseanne: much
 11861 | D:11     | Found Laiziad's Antique Weapon Shoppe.
 12040 | D:11     | Found a runed translucent door.
 12046 | D:11     | Noticed Zigma's ghost (journeyman DrSh)
 12070 | D:11     | Reached XP level 12. HP: 90/94 MP: 24/24
 12196 | D:11     | Found Boefenaf's Assorted Antiques.
 12577 | D:11     | Found Odith's Assorted Antiques.
 12581 | D:11     | Bought an emerald potion for 27 gold pieces
 12739 | D:11     | Found Pishrit's Antique Weapon Shoppe.
 13297 | D:12     | Found a blossoming altar of Fedhas.
 13404 | D:12     | Slain by a skeletal warrior

Illustrated notes

Levels and vault maps discovered:
D:1:      lemuel_arrival_tunnels, layout_loops_ring
D:2:      layout_basic, basic_altar, minmay_hexomino_p4, uniq_sigmund,
          uniq_natasha
D:3:      minmay_octagon_keep, layout_loops_corners, uniq_jessica
D:4:      layout_gridville, enter_ossuary_3
D:5:      layout_loops_cross, mainiacjoe_overflow_concentric_impassable,
          uniq_duvessa, uniq_edmund, uniq_grinder
D:6:      layout_basic, temple_fountains, serial_bayou_ford_a,
          nicolae_elemental_shop, minmay_manual_mullet
D:7:      layout_gridville
D:8:      layout_rooms, erik_lair_orcish_takeover, minivault_26
D:9:      layout_loops_corners, general_overflow_altar, orc_0_dummy,
          gammafunk_ghost_necromancy, serial_shops, shop,
          nicolae_shop_statue_plus, shop, nicolae_lakefront_shop, shop,
          minmay_hedge_maze, guppyfry_shop_venom
D:10:     layout_basic, nicolae_ru_path_of_blood, serial_corexii_hall,
          chequers_hall_statues_corner_a, chequers_hall_statues_corner_a,
          serial_shops, shop, grunt_decor_one_mirror
D:11:     layout_stronghold, portal_ice_cave_entry_ice_simulacra,
          ebering_ghost_reflecting_pool, serial_shops, shop, shop,
          nicolae_shop_dealshenge, nicolae_lakefront_shop,
          roderic_serpentine_path
D:12:     layout_cave_pools, fedhas_altar_1
Temple:   compressed_dpeg_triangle_lava_temple

Skill      XL: |  1  2  3  4  5  6  7  8  9 10 11 12 |
---------------+-------------------------------------+-----
Armour         | 2 3 4 5 6 7 8 |  8.2
Dodging        | 2 3 4 6 7 |  7.3
Fighting       | 3 4 5 7 8 9 |  9.2
Summonings     | 5 12 | 12.6
Spellcasting   | 8 9 |  9.0
Shields        | 2 3 |  3.1
Maces & Flails | |  1.7
Poison Magic   | |  1.0

Action                     |  1- 3 |  4- 6 |  7- 9 | 10-12 || total
---------------------------+-------+-------+-------+-------++-------
  Melee: Mace              |    67 |   154 |   232 |       ||   453
         Headbutt          |     2 |    20 |    90 |    85 ||   197
         Punch             |     1 |     2 |    16 |       ||    19
         Whip              |       |       |   217 |    66 ||   283
         Dagger            |       |       |     3 |   106 ||   109
         Flail             |       |       |       |   186 ||   186
         Rapier            |       |       |       |    10 ||    10
   Fire: Sling             |       |     1 |       |       ||     1
  Throw: Dart              |       |     7 |    10 |    28 ||    45
  Evoke: Wand              |       |       |       |     4 ||     4
    Use: Scroll            |     6 |     5 |     9 |     8 ||    28
         Potion            |     1 |       |     4 |     2 ||     7
   Stab: Distracted        |       |       |     1 |     2 ||     3
 Armour: Leather armour    |    46 |     2 |   147 |   188 ||   383
         Ring mail         |       |   128 |   113 |       ||   241
         Scale mail        |       |       |    39 |       ||    39
  Dodge: Dodged            |    54 |   125 |   325 |   358 ||   862
         Repelled          |       |       |       |     3 ||     3
  Block: Kite shield       |       |       |       |   143 ||   143

Table legend: (Time is in decaauts)
 A = Elapsed time spent in this place.
 B = Non-inter-level travel time spent in this place.
 C = Inter-level travel time spent in this place.
 D = Time resting spent in this place.
 E = Time spent auto-exploring this place.
 F = Levels seen in this place.
 G = Mean time per level.
                   A        B        C        D        E       F      G
               +--------+--------+--------+--------+--------+-----+--------+
         Total |  13730 |  13287 |    443 |   2811 |   7023 |  14 |  980.7 |
       Dungeon |  12975 |  12548 |    427 |   2568 |   6912 |  12 | 1081.2 |
        Temple |     30 |     15 |     15 |      0 |      0 |   1 |   30.0 |
       Ossuary |    723 |    723 |      0 |    243 |    111 |   1 |  723.0 |
               +--------+--------+--------+--------+--------+-----+--------+

Top non-repeatable levels by time:
     D:9: 1734 daAuts
    D:11: 1606 daAuts
     D:5: 1401 daAuts
     D:7: 1309 daAuts
     D:3: 1219 daAuts
     D:6: 1154 daAuts
     D:4: 1033 daAuts
    D:10: 993 daAuts
     D:8: 933 daAuts
     D:1: 887 daAuts
 Ossuary: 723 daAuts
     D:2: 529 daAuts
    D:12: 173 daAuts
  Temple: 30 daAuts
